 Dungeon Crawl Stone Soup version 0.20.1-1-g8b1a95d (webtiles) character file.

20 Zedayar the Ducker (level 2, 0/14 HPs)
             Began as a Felid Berserker on Aug 23, 2017.
             Was a Follower of Trog.
             Succumbed to an adder's poison
             ... on level 3 of the Dungeon.
             The game lasted 00:03:09 (482 turns).

Zedayar the Ducker (Felid Berserker)                 Turns: 482, Time: 00:03:10

Health: 0/14       AC:  1    Str: 13    XL:     2   Next: 58%
Magic:  3/3        EV: 19    Int:  8    God:    Trog [*.....]
Gold:   45         SH:  0    Dex: 15    Spells: 1/1 levels left
                                        Lives:  0   Deaths: 0

rFire    . . .     SeeInvis +     - Unarmed
rCold    . . .     Gourm    .   (shield unavailable)
rNeg     . . .     Faith    .   (armour unavailable)
rPois    .         Spirit   .   (helmet unavailable)
rElec    +         Reflect  .   (cloak unavailable)
rCorr    .         Harm     .   (gloves unavailable)
MR       .....                  (boots unavailable)
Stlth    ++........             (no amulet)
Regen    0.1/turn               (no ring)
MPRegen  0.1/turn               (no ring)

@: lethally poisoned (0 -> -7), flying, quick
A: no armour, no weapons or thrown items, stealth, claws 1, fangs 3, see
invisible, carnivore 3, speed 1, shaggy fur 1, electricity resistance, slow
metabolism 1, sharp paws
a: Berserk, Burn Spellbooks, Renounce Religion


You were on level 3 of the Dungeon.
You worshipped Trog.
Trog was aware of your devotion.
You were not hungry.

You visited 1 branch of the dungeon, and saw 3 of its levels.

You collected 45 gold pieces.

Inventory:

Scrolls
 b - a scroll of enchant weapon {unknown}
 c - a scroll of identify {unknown}
 d - a scroll of random uselessness {unknown}
Comestibles
 a - 2 meat rations


   Skills:
 + Level 3.1 Fighting
 + Level 4.2 Dodging
 + Level 0.4 Stealth
 * Level 3.6 Unarmed Combat


You had one spell level left.
You didn't know any spells.

Dungeon Overview and Level Annotations

Branches:
Dungeon (3/15)

Altars:

Annotations:
D:2 Sigmund


Innate Abilities, Weirdness & Mutations

You cannot wear armour.
You are incapable of wielding weapons or throwing items.
Your paws allow you to move quietly. (Stealth)
You have sharp claws.
You have razor-sharp teeth.
You have supernaturally acute eyesight. (SInv)
You are carnivorous and can eat meat at any time.
You cover ground quickly.
You are covered in fur. (AC +1)
You have a slow metabolism.
Your sharp claws are effective at attacking unaware monsters.
You are resistant to electric shocks. (rElec)


Message History

The adder barely misses you. The frilled lizard bites you.
The adder completely misses you. The frilled lizard closely misses you.
The frilled lizard barely misses you. The adder completely misses you.
The leopard gecko misses you.
Found a mace.
Your magical contamination has completely faded away.
The leopard gecko barely misses you.
Found a stone staircase leading up.
The adder completely misses you.
The leopard gecko completely misses you.
The frilled lizard barely misses you. The leopard gecko bites you.
* * * LOW HITPOINT WARNING * * *
The frilled lizard bites you but does no damage.
The adder bites you.
* * * LOW HITPOINT WARNING * * *
You are lethally poisoned!
The adder poisons you!
You die...

....$....................#
..........!..............#
.........................#
.........................#
.........................#
................l........#
..?............glS..[....#
..)......................
................@........
.......................<.
...............!.....)...
#.........$.............#
##.....................##
##...................##
##############


You could see an adder, a leopard gecko, a hobgoblin and a frilled lizard.

Vanquished Creatures
  A worm (D:2)
  2 dart slugs (D:1)
  2 goblins (D:1)
  2 hobgoblins (D:1)
  3 bats (D:1)
  A frilled lizard (D:2)
  A kobold (D:1)
  2 rats
14 creatures vanquished.

Notes
Turn   | Place    | Note
-------+----------+-------------------------------------------
     0 | D:1      | Zedayar the Felid Berserker began the quest for the Orb.
     0 | D:1      | Reached XP level 1. HP: 10/10 MP: 2/2
   163 | D:1      | Reached XP level 2. HP: 11/14 MP: 3/3
   250 | D:1      | Gained mutation: You expend magic power (3 MP) to strengthen your wands. [potion of mutation]
   250 | D:1      | Lost mutation: You expend magic power (3 MP) to strengthen your wands. [potion of mutation]
   250 | D:1      | Gained mutation: You are resistant to electric shocks. (rElec) [potion of mutation]
   346 | D:2      | Noticed Sigmund
   482 | D:3      | Succumbed to an adder's poison

Action                   || total
-------------------------++-------
Melee: Unarmed           ||    40
       Bite              ||     5
  Use: Potion            ||     4
 Stab: Sleeping          ||     1
Armor: Skin              ||     4
Dodge: Dodged            ||    60
